 Dungeon Crawl Stone Soup version 0.22-a0-858-g985ef60 (webtiles) character file.

25690 Mgcat the Severer (level 13, 0/81 HPs)
             Began as a Halfling Berserker on July 27, 2018.
             Was an Elder of Trog.
             Slain by an eight-headed hydra (10 damage)
             ... on level 3 of the Lair of Beasts.
             The game lasted 00:40:06 (12964 turns).

Mgcat the Severer (Halfling Berserker)             Turns: 12964, Time: 00:40:07

Health: 0/81       AC: 20    Str: 22    XL:     13   Next: 52%
Magic:  13/13      EV: 13    Int:  5    God:    Trog [****..]
Gold:   942        SH:  7    Dex: 15    Spells: 12/12 levels left

rFire    . . .     SeeInvis .   b - +4 war axe (elec)
rCold    . . .     Gourm    .   P - +1 buckler {rN+}
rNeg     + . .     Faith    .   f - +1 chain mail
rPois    .         Spirit   .   y - +2 helmet
rElec    .         Reflect  .   z - +2 cloak {MR+}
rCorr    .         Harm     .   s - +2 pair of gloves
MR       +....                  (no boots)
Stlth    ..........             x - amulet of regeneration {+regen, !d}
HPRegen  0.63/turn              A - ring of flight {+Fly, !d}
MPRegen  0.13/turn              E - ring of attention (curse)

@: about to teleport, berserk cooldown, slowed, drained, very slow
A: small, mutation resistance 1
a: Berserk, Trog's Hand, Brothers in Arms, Renounce Religion, Evoke Flight


You were on level 3 of the Lair of Beasts.
You worshipped Trog.
Trog was greatly pleased with you.
You were not hungry.

You visited 2 branches of the dungeon, and saw 15 of its levels.

You collected 942 gold pieces.

Inventory:

Hand Weapons
 a - a +0 hunting sling of venom
   (You found it on level 2 of the Dungeon)
 b - a +4 war axe of electrocution (weapon)
   (You found it on level 2 of the Dungeon)
Missiles
 d - 432 stones (quivered)
 C - 3 throwing nets {=f, !d}
 F - 97 sling bullets
Armour
 f - a +1 chain mail (worn)
   (You took it off Terence on level 3 of the Dungeon)
 s - a +2 pair of gloves (worn)
   (You found it on level 3 of the Dungeon)
 y - a +2 helmet (worn)
   (You found it on level 5 of the Dungeon)
 z - a +2 cloak of magic resistance (worn)
   (You found it on level 7 of the Dungeon)
 P - a +1 buckler of positive energy (worn)
   (You acquired it on level 10 of the Dungeon)
Jewellery
 x - an amulet of regeneration (around neck) {+regen, !d}
   (You found it on level 5 of the Dungeon)
 A - a ring of flight (left hand) {+Fly, !d}
   (You found it on level 6 of the Dungeon)
 E - a cursed ring of attention (right hand)
   (You found it on level 6 of the Dungeon)
Wands
 n - a wand of scattershot (4)
   (You found it on level 2 of the Dungeon)
 v - a wand of paralysis (14)
   (You found it on level 5 of the Dungeon)
 I - a wand of digging (12)
   (You found it on level 7 of the Dungeon)
 K - a wand of flame (15)
   (You found it on level 8 of the Dungeon)
 M - a wand of disintegration (19)
   (You took it off an orc on level 10 of the Dungeon)
 O - a wand of polymorph (25)
   (You found it on level 11 of the Dungeon)
Scrolls
 g - 8 scrolls of remove curse
 l - 2 scrolls of magic mapping {!r}
 q - 3 scrolls of teleportation
 H - 3 scrolls of brand weapon
 J - 2 scrolls of immolation {!r}
 R - a scroll of identify
Potions
 e - 2 potions of agility
 h - 2 potions of magic
 j - a potion of flight {unknown}
 k - 3 potions of mutation {unknown}
 m - a potion of brilliance {unknown}
 o - a potion of resistance
 p - a potion of curing {unknown}
 r - a potion of ambrosia {unknown}
 u - 3 potions of haste
 G - 3 potions of degeneration {unknown}
 N - a potion of might {unknown}
 Q - a potion of cancellation {unknown}
Comestibles
 c - 28 rations


   Skills:
 - Level 5.1(4.9) Fighting
 + Level 16.0(15.8) Axes
 - Level 10.3(11.8) Slings
 - Level 7.2(8.5) Throwing
 - Level 6.0(5.9) Armour
 - Level 5.8(5.6) Dodging
 - Level 5.6(5.5) Shields


You had 12 spell levels left.
You didn't know any spells.
Your spell library contained the following spells:

 Spells                   Type           Power        Failure   Level  Hunger
 Fireball                 Conj/Fire      #.........   100%        5    ######.
 Bolt of Magma            Conj/Fire/Erth #.........   100%        5    ######.
 Confuse                  Hex            #.......     100%        3    ####...
 Animate Dead             Necr           N/A          100%        4    #####..
 Pain                     Necr           #...         99%         1    ##.....
 Animate Skeleton         Necr           N/A          99%         1    ##.....
 Vampiric Draining        Necr           #.........   100%        3    ####...
 Regeneration             Chrm/Necr      #.........   100%        3    ####...
 Tukima's Dance           Hex            #.......     100%        3    ####...
 Shock                    Conj/Air       #...         99%         1    ##.....
 Swiftness                Chrm/Air       #.......     99%         2    ###....
 Ignite Poison            Fire/Tmut/Pois #.......     100%        3    ####...
 Ensorcelled Hibernation  Hex/Ice        #.....       99%         2    ###....
 Corona                   Hex            #......      99%         1    ##.....
 Dazzling Spray           Conj/Hex       #.....       100%        3    ####...


Dungeon Overview and Level Annotations

Branches:
Dungeon (11/15)            Temple (0/1) D:4            Lair (4/6) D:11
 Shoals (0/4) Lair:3        Snake (0/4) Lair:2
    Orc: D:9-12

Altars:
Ru
Wu Jian
Xom
Zin
The Shining One
Beogh

Shops:
D:9 *(=   D:11 *

Annotations:
D:8 Pikel
D:9 exclusion: obsidian statue
Lair:4 Rupert


Innate Abilities, Weirdness & Mutations

You are small and have problems with some larger weapons.
You are somewhat resistant to further mutation.


Message History

The eight-headed hydra bites your ogre. The eight-headed hydra bites your ogre!
The eight-headed hydra bites your ogre. x2
The eight-headed hydra barely misses your ogre.
The eight-headed hydra bites your ogre! x2
The eight-headed hydra bites your ogre.
Your ogre dies!
Your ogre's corpse disappears in a puff of smoke!
You're too hungry.
Okay, then.
Unknown command.
Unknown command.
You eat one of the 29 rations.
That ration really hit the spot!
Rupert yells loudly at you.
You easily resist.
Your ogre goes berserk!
You feel quite a bit more hungry. Trog will no longer gift you weapons.
The eight-headed hydra bites you.
The eight-headed hydra closely misses you.
The eight-headed hydra bites you but does no damage.
The eight-headed hydra closely misses you.
The eight-headed hydra bites you but does no damage.
You block the eight-headed hydra's attack.
The eight-headed hydra completely misses you.
The eight-headed hydra bites you.
You swap places.
Your ogre barely misses the eight-headed hydra.
The eight-headed hydra bites your ogre.
The eight-headed hydra bites your ogre but does no damage.
The eight-headed hydra bites your ogre! x2
The eight-headed hydra bites your ogre. The eight-headed hydra bites your ogre!
Your ogre dies!
Your ogre's corpse disappears in a puff of smoke!
Your two-headed ogre goes berserk!
You feel quite a bit more hungry.
You block the eight-headed hydra's attack.
The eight-headed hydra barely misses you.
The eight-headed hydra bites you but does no damage. x4
You block the eight-headed hydra's attack.
The eight-headed hydra bites you but does no damage.
Rupert hits you with a great mace of draining!
You partially resist.
You feel drained. The eight-headed hydra bites you.
You block the eight-headed hydra's attack.
The eight-headed hydra bites you!
The eight-headed hydra bites you but does no damage.
The eight-headed hydra barely misses you.
The eight-headed hydra misses you.
The eight-headed hydra completely misses you.
The eight-headed hydra bites you but does no damage.
Your two-headed ogre hits Rupert but does no damage.
Your two-headed ogre hits Rupert with a giant club!!
Your two-headed ogre barely misses Rupert.
Your two-headed ogre hits Rupert with a giant club!
The eight-headed hydra bites you but does no damage.
You block the eight-headed hydra's attack.
The eight-headed hydra barely misses you.
The eight-headed hydra bites you but does no damage.
The eight-headed hydra closely misses you.
The eight-headed hydra bites you but does no damage.
The eight-headed hydra bites you. x2
There is a stone staircase leading up here.
Your two-headed ogre hits Rupert with a giant club!!
Your two-headed ogre hits Rupert with a giant club!!!
Rupert hits your two-headed ogre with a great mace of draining!
Your two-headed ogre hits Rupert with a giant club!!
Your two-headed ogre hits Rupert with a giant club!
The eight-headed hydra bites you but does no damage. x4
The eight-headed hydra bites you!
The eight-headed hydra closely misses you.
The eight-headed hydra bites you but does no damage. x2
Rupert roars wildly at your two-headed ogre.
Your two-headed ogre appears confused.
You hear a screech!
You climb upwards.
There is a stone staircase leading down here.
As you read the scroll of teleportation, it crumbles to dust.
You feel strangely unstable.
You block the eight-headed hydra's attack.
The eight-headed hydra bites you.
The eight-headed hydra barely misses you.
The eight-headed hydra closely misses you.
The eight-headed hydra bites you.
The eight-headed hydra barely misses you.
The eight-headed hydra bites you.
The eight-headed hydra bites you but does no damage.
The eight-headed hydra misses you. The eight-headed hydra bites you!
* * * LOW HITPOINT WARNING * * *
The eight-headed hydra bites you but does no damage.
The eight-headed hydra bites you!
* * * LOW HITPOINT WARNING * * *
You block the eight-headed hydra's attack.
The eight-headed hydra bites you but does no damage.
You block the eight-headed hydra's attack.
The eight-headed hydra bites you but does no damage.
As you read the scroll of fear, it crumbles to dust.
You assume a fearsome visage.
The eight-headed hydra easily resists.
The eight-headed hydra bites you but does no damage.
The eight-headed hydra barely misses you.
The eight-headed hydra bites you!
You die...

........# ###.....##### #.....
........####P.+.....# ##.....
........##.#..#.....# #P.....
).......#....#.....###### ##.....
............###(...+.#..####.....
........##)####..........##......
........#P.P#P#....#.#.#...+.....
.................................
#.#P....##.####.@D###.##..#.##..#
#####.P######P....P####..#..##...
#.##...P# ###...#### ##.......).
......P## ##.##.###.#####......#P
.......P###...........##....#....
.......###.............####....P#
.......# ##..........#.†'...P....
.......###....)......+..#...#.#..
..........+..........####...#....


You could see an eight-headed hydra.

Vanquished Creatures
  A hydra (D:11)
  Erolcha (D:9)
  Harold (D:9)
  5 two-headed ogres
  Nergalle (Lair:2)
  The ghost of emiel the Cleaver, a novice BaBe of Trog (D:7)
  An unseen horror (D:11)
  An ugly thing (D:7)
  A manticore (Lair:3)
  A cyclops (D:10)
  4 elephants (Lair:3)
  6 spiny frogs
  2 komodo dragons
  A polar bear (Lair:3)
  4 hippogriffs
  8 blink frogs
  6 dream sheep (Lair:3)
  A wraith (D:11)
  A vampire (D:10)
  3 hogs (D:7)
  5 yaks
  A human (D:7)
  A basilisk (D:11)
  3 hungry ghosts
  Menkaure (D:4)
  6 water moccasins
  A naga (Lair:2)
  Duvessa (D:7)
  7 porcupines
  5 orc warriors
  4 phantoms
  2 necrophages (D:8)
  3 ice beasts
  5 ogres
  6 sky beasts
  4 wolves (Lair:1)
  2 black bears
  2 centaurs
  6 crocodiles
  3 big kobolds
  13 bullfrogs
  2 earth elementals (D:11)
  A gnoll sergeant (D:10)
  Dowan (D:7)
  3 scorpions
  7 killer bees
  A lava snake (Lair:2)
  A centaur zombie (D:8)
  7 crimson imps
  2 centaur skeletons (D:9)
  3 hounds
  2 jellies
  15 orc wizards
  5 orc priests
  4 iguanas
  Terence (D:3)
  7 worker ants
  A hound skeleton (D:8)
  8 gnolls (D:10)
  8 adders
  A shadow imp (D:10)
  An ooze (D:5)
  An adder zombie (D:8)
  2 worms
  8 dart slugs
  7 leopard geckos
  51 orcs
  4 ball pythons
  6 bats
  9 giant cockroaches
  4 hobgoblins
  6 jackals
  16 kobolds
  A ball python skeleton (D:4)
  3 frilled lizards
  8 goblins
  A jackal skeleton (D:4)
  5 rats
  3 fungi
  3 plants
350 creatures vanquished.

Vanquished Creatures (collateral kills)
  A basilisk (Lair:1)
  A water moccasin (Lair:1)
2 creatures vanquished.

Vanquished Creatures (others)
  10 fungi
  5 plants
15 creatures vanquished.

Grand Total: 367 creatures vanquished

Notes
Turn   | Place    | Note
-------+----------+-------------------------------------------
     0 | D:1      | Mgcat the Halfling Berserker began the quest for the Orb.
     0 | D:1      | Reached XP level 1. HP: 15/15 MP: 1/1
   290 | D:1      | Reached XP level 2. HP: 20/20 MP: 2/2
   710 | D:2      | Reached skill level 4 in Axes
   710 | D:2      | Reached XP level 3. HP: 25/25 MP: 3/3
  1250 | D:2      | Reached XP level 4. HP: 24/30 MP: 4/4
  1387 | D:2      | Reached ** piety under Trog
  1893 | D:3      | Reached skill level 5 in Axes
  2094 | D:3      | Noticed a big kobold
  2111 | D:3      | Killed a big kobold
  2111 | D:3      | Reached skill level 6 in Axes
  2111 | D:3      | Reached XP level 5. HP: 27/35 MP: 5/5
  2203 | D:3      | Reached XP level 6. HP: 12/41 MP: 6/6
  2468 | D:3      | Found a glowing golden altar of the Shining One.
  2506 | D:3      | Noticed Terence
  2514 | D:3      | Killed Terence
  2932 | D:3      | Reached *** piety under Trog
  3273 | D:4      | Reached skill level 7 in Axes
  3542 | D:4      | Found a staircase to the Ecumenical Temple.
  3580 | D:4      | Noticed an ogre
  3593 | D:4      | Killed an ogre
  3593 | D:4      | Reached XP level 7. HP: 32/45 MP: 7/7
  3655 | D:4      | Noticed Menkaure
  3661 | D:4      | Killed Menkaure
  3661 | D:4      | Reached skill level 8 in Axes
  4651 | D:5      | Entered Level 5 of the Dungeon
  4748 | D:5      | Reached skill level 9 in Axes
  4748 | D:5      | Reached XP level 8. HP: 51/51 MP: 8/8
  5336 | D:6      | Reached skill level 10 in Axes
  5718 | D:6      | Found a shimmering altar of Xom.
  5895 | D:7      | Noticed Duvessa
  5903 | D:7      | Noticed Dowan
  5909 | D:7      | Killed Duvessa
  5909 | D:7      | Reached XP level 9. HP: 55/55 MP: 9/9
  5914 | D:7      | Killed Dowan
  6005 | D:7      | Noticed a purple ugly thing
  6012 | D:7      | Reached skill level 11 in Axes
  6015 | D:7      | Killed a purple ugly thing
  6241 | D:7      | Found a runed gate.
  6241 | D:7      | Noticed emiel's ghost (novice BaBe)
  6242 | D:7      | Found a runed gate.
  6243 | D:7      | Found a runed gate.
  6264 | D:7      | Reached skill level 12 in Axes
  6507 | D:7      | Found a roughly hewn altar of Beogh.
  6565 | D:7      | Killed emiel's ghost
  6565 | D:7      | Reached skill level 13 in Axes
  6565 | D:7      | Reached XP level 10. HP: 61/61 MP: 10/10
  6620 | D:7      | Reached **** piety under Trog
  6764 | D:7      | Reached skill level 14 in Axes
  6765 | D:7      | Reached skill level 3 in Fighting
  6836 | D:8      | Found an ornate altar of the Wu Jian Council.
  6836 | D:8      | Found a glowing silver altar of Zin.
  6836 | D:8      | Noticed Pikel
  6838 | D:8      | Noticed a two-headed ogre
  6848 | D:8      | Killed a two-headed ogre
  6848 | D:8      | Reached skill level 5 in Fighting
  6900 | D:8      | Found a sacrificial altar of Ru.
  6934 | D:8      | Reached skill level 3 in Armour
  6966 | D:8      | Reached skill level 4 in Armour
  7059 | D:8      | Noticed a two-headed ogre
  7070 | D:8      | Killed a two-headed ogre
  7070 | D:8      | Reached skill level 6 in Armour
  7070 | D:8      | Reached XP level 11. HP: 71/71 MP: 11/11
  7188 | D:8      | Reached skill level 3 in Dodging
  7256 | D:8      | Identified Ekkenku's Catalogue of the Birds and Ignition
  7606 | D:9      | Reached skill level 4 in Dodging
  7621 | D:9      | Found Douga's General Store.
  7624 | D:9      | Noticed a two-headed ogre
  7631 | D:9      | Killed a two-headed ogre
  7631 | D:9      | Reached skill level 5 in Dodging
  7696 | D:9      | Noticed Harold
  7719 | D:9      | Killed Harold
  7719 | D:9      | Reached skill level 3 in Shields
  7789 | D:9      | Noticed Erolcha
  7798 | D:9      | Killed Erolcha
  7798 | D:9      | Reached skill level 4 in Shields
  7843 | D:9      | Noticed a two-headed ogre
  7848 | D:9      | Killed a two-headed ogre
  7848 | D:9      | Reached skill level 5 in Shields
  7926 | D:9      | Reached skill level 1 in Throwing
  7974 | D:9      | Found Saob's Weapon Shoppe.
  8000 | D:9      | Found Egrom's Jewellery Emporium.
  8034 | D:9      | Noticed an obsidian statue
  8053 | D:9      | Reached skill level 2 in Throwing
  8452 | D:10     | Entered Level 10 of the Dungeon
  8491 | D:10     | Reached skill level 3 in Throwing
  8602 | D:10     | Reached ***** piety under Trog
  8625 | D:10     | Reached skill level 4 in Throwing
  8644 | D:10     | Reached XP level 12. HP: 74/77 MP: 12/12
  8699 | D:10     | Reached skill level 5 in Throwing
  9120 | D:10     | Identified a scroll of acquirement
  9305 | D:11     | Reached skill level 6 in Throwing
  9430 | D:11     | Noticed a six-headed hydra
  9438 | D:11     | HP: 19/77 [six-headed hydra (2)]
  9445 | D:11     | HP: 6/77 [ice beast (14)]
  9562 | D:11     | Killed an unseen horror
  9562 | D:11     | Reached skill level 7 in Throwing
  9626 | D:11     | Reached skill level 1 in Slings
  9641 | D:11     | Found Ocozo's Pet Rocks.
  9652 | D:11     | Received a gift from Trog
  9652 | D:11     | Reached skill level 2 in Slings
  9700 | D:11     | Reached skill level 3 in Slings
  9719 | D:11     | Found a staircase to the Lair.
  9741 | D:11     | Reached skill level 4 in Slings
  9841 | D:11     | Reached skill level 5 in Slings
  9878 | D:11     | Killed a six-headed hydra
  9878 | D:11     | Reached skill level 6 in Slings
  9951 | D:11     | Noticed a two-headed ogre
  9961 | D:11     | Killed a two-headed ogre
  9961 | D:11     | Reached skill level 7 in Slings
 10186 | D:11     | Reached skill level 8 in Slings
 10423 | Lair:1   | Entered Level 1 of the Lair of Beasts
 10462 | Lair:1   | Reached skill level 9 in Slings
 10619 | Lair:1   | Reached skill level 10 in Slings
 10652 | Lair:1   | HP: 19/77 [poisoned by a spiny frog]
 10657 | Lair:1   | HP: 14/77 [poisoned by a spiny frog]
 10662 | Lair:1   | HP: 12/77 [poisoned by a spiny frog]
 10667 | Lair:1   | HP: 13/77 [poisoned by a spiny frog]
 10674 | Lair:1   | HP: 16/77 [poisoned by a spiny frog]
 10681 | Lair:1   | HP: 19/77 [poisoned by a spiny frog]
 11216 | Lair:2   | Found a staircase to the Snake Pit.
 11252 | Lair:2   | Reached XP level 13. HP: 79/81 MP: 13/13
 11451 | Lair:2   | Noticed Nergalle
 11462 | Lair:2   | Killed Nergalle
 11927 | Lair:3   | Reached skill level 15 in Axes
 11930 | Lair:3   | Received a gift from Trog
 12178 | Lair:3   | Found a staircase to the Shoals.
 12723 | Lair:3   | Reached skill level 16 in Axes
 12939 | Lair:4   | Noticed an eight-headed hydra
 12941 | Lair:4   | Noticed Rupert
 12963 | Lair:3   | HP: 20/81 [eight-headed hydra (8)]
 12963 | Lair:3   | HP: 9/81 [eight-headed hydra (11)]
 12964 | Lair:3   | Slain by an eight-headed hydra

Vault maps used:
D:1:      lemuel_arrival_cross, hex_large
D:2:      hex_intersection, minmay_tromino_mix6
D:3:      cheibrodos_thug_alley, lemuel_round_altar, uniq_terence
D:4:      minmay_temple_entry_mist, first_ration, uniq_menkaure
D:6:      kennysheep_little_box
D:7:      biasface_ghost_orc_armoury, grunt_livestock, uniq_duvessa
D:8:      nicolae_overflow_hidden_temple, uniq_pikel
D:9:      serial_shops, shop, shop, shop, dk_vineyard_3, minivault_15,
          uniq_harold, uniq_erolcha
D:11:     due_lair_maze_entry_diamond, guppyfry_shop_earth
Lair:2:   guppyfry_snake_entry_island, uniq_nergalle
Lair:3:   minmay_shoals_entry_beasts, serial_bayou_shore_b
Lair:4:   basic_altar, serial_bayou_crossing, uniq_josephine, uniq_rupert

Skill      XL: |  1  2  3  4  5  6  7  8  9 10 11 12 13 |
---------------+----------------------------------------+-----
Axes           | 4 6 7 9 10 13 14 16 | 16.0
Fighting       | 5 |  5.1
Armour         | 6 |  6.0
Dodging        | 5 |  5.8
Shields        | 5 |  5.6
Throwing       | 4 7 |  7.2
Slings         | 10 | 10.3

Action                   |  1- 3 |  4- 6 |  7- 9 | 10-12 | 13-15 || total
-------------------------+-------+-------+-------+-------+-------++-------
Melee: Hand axe          |    72 |    26 |       |       |       ||    98
       War axe           |       |   134 |   222 |   512 |   120 ||   988
 Fire: Hunting sling     |       |       |    23 |    50 |       ||    73
Invok: Berserk           |     2 |     1 |    10 |    14 |     3 ||    30
       Trog's Hand       |       |       |     3 |     3 |     2 ||     8
       Brothers in Arms  |       |       |       |     1 |     3 ||     4
Evoke: Wand              |       |       |     1 |     2 |       ||     3
  Use: Scroll            |       |     8 |    13 |     5 |     5 ||    31
       Potion            |       |       |       |     4 |       ||     4
  Eat: Chunk             |     3 |    25 |    10 |    26 |     5 ||    69
       Ration            |       |       |       |     3 |     2 ||     5
Armor: Animal skin       |     6 |       |       |       |       ||     6
       Ring mail         |     3 |    42 |       |       |       ||    45
       Chain mail        |       |     1 |   100 |   219 |    66 ||   386
Dodge: Dodged            |    48 |   125 |    64 |   201 |    48 ||   486
Block: Buckler           |       |       |     9 |   132 |    30 ||   171

Table legend:
 A = Spawn XP
 B = Non-spawn XP
 C = Spawn XP percentage of total XP
 D = Spawn monster count
 E = Non-spawn monster count
 F = Spawn count percentage of total count
 G = Total turns spent on level
                    A         B        C        D         E        F      G
               +---------+---------+-------+---------+---------+-------+---------
         Total |       0 |   36701 |   0.0 |       0 |     346 |   0.0 | 12964
               +---------+---------+-------+---------+---------+-------+---------
           D:1 |       0 |      27 |   0.0 |       0 |      13 |   0.0 |   851
           D:2 |       0 |      67 |   0.0 |       0 |      16 |   0.0 |  1225
           D:3 |       0 |     315 |   0.0 |       0 |      44 |   0.0 |  1544
           D:4 |       0 |     386 |   0.0 |       0 |      10 |   0.0 |  1031
           D:5 |       0 |     457 |   0.0 |       0 |      14 |   0.0 |   615
           D:6 |       0 |     588 |   0.0 |       0 |      14 |   0.0 |   597
           D:7 |       0 |    3771 |   0.0 |       0 |      49 |   0.0 |   956
           D:8 |       0 |    3410 |   0.0 |       0 |      23 |   0.0 |   724
           D:9 |       0 |    4837 |   0.0 |       0 |      20 |   0.0 |   909
          D:10 |       0 |    2859 |   0.0 |       0 |      42 |   0.0 |   892
          D:11 |       0 |    5815 |   0.0 |       0 |      43 |   0.0 |  1079
        Lair:1 |       0 |    3401 |   0.0 |       0 |      18 |   0.0 |   770
        Lair:2 |       0 |    3919 |   0.0 |       0 |      17 |   0.0 |   722
        Lair:3 |       0 |    6358 |   0.0 |       0 |      21 |   0.0 |  1001
        Lair:4 |       0 |     491 |   0.0 |       0 |       2 |   0.0 |    48
               +---------+---------+-------+---------+---------+-------+---------

Vault maps used:
D:1:      lemuel_arrival_cross, hex_large
D:2:      hex_intersection, minmay_tromino_mix6
D:3:      cheibrodos_thug_alley, lemuel_round_altar, uniq_terence
D:4:      minmay_temple_entry_mist, first_ration, uniq_menkaure
D:6:      kennysheep_little_box
D:7:      biasface_ghost_orc_armoury, grunt_livestock, uniq_duvessa
D:8:      nicolae_overflow_hidden_temple, uniq_pikel
D:9:      serial_shops, shop, shop, shop, dk_vineyard_3, minivault_15,
          uniq_harold, uniq_erolcha
D:11:     due_lair_maze_entry_diamond, guppyfry_shop_earth
Lair:2:   guppyfry_snake_entry_island, uniq_nergalle
Lair:3:   minmay_shoals_entry_beasts, serial_bayou_shore_b
Lair:4:   basic_altar, serial_bayou_crossing, uniq_josephine, uniq_rupert

Table legend:
 A = Turns spent in this place as a percentage of turns spent in the entire game.
 B = Non-inter-level travel turns spent in this place as a percentage of non-inter-level travel turns spent in the entire game.
 C = Inter-level travel turns spent in this place as a percentage of turns spent in this place.
 D = Turns resting spent in this place as a percentage of non-inter-level travel turns spent in this place.
 E = Turns spent auto-exploring this place as a percentage of non-inter-level travel turns spent in this place.
 F = Non-inter-level travel turns spent in this place divided by the number of levels of this place that you've seen.
                   A       B       C       D       E      F
               +-------+-------+-------+-------+-------+----------------------
         Total | 100.0 | 100.0 |   7.1 |   5.8 |  73.1 | 803.0
       Dungeon |  80.4 |  79.6 |   8.0 |   5.9 |  71.9 | 871.9
          Lair |  19.6 |  20.4 |   3.4 |   5.5 |  77.5 | 613.5
               +-------+-------+-------+-------+-------+----------------------

Table legend:
 A = Kills in this place as a percentage of kills in entire the game.
 B = Kills by you in this place as a percentage of kills by you in the entire game.
 C = Kills by friends in this place as a percentage of kills by friends in the entire game.
 D = Other kills in this place as a percentage of other kills in the entire game.
 E = Experience gained in this place as a percentage of experience gained in the entire game.
 F = Experience gained in this place divided by the number of levels of this place that you have seen.
                   A       B       C       D       E      F
               +-------+-------+-------+-------+-------+----------------------
         Total | 100.0 | 100.0 | 100.0 |   N/A | 100.0 | 2446.7
       Dungeon |  83.2 |  83.7 |   0.0 |   N/A |  61.4 | 2048.4
          Lair |  16.8 |  16.3 | 100.0 |   N/A |  38.6 | 3542.2
               +-------+-------+-------+-------+-------+----------------------
